[Event "*** Titled Tuesday Blitz"]
[Site "Chess.com"]
[Date "2020.02.04"]
[Round "2"]
[White "messiboca"]
[Black "tteshan"]
[Result "0-1"]
[WhiteElo "2453"]
[BlackElo "2266"]
[TimeControl "180+2"]
[EndTime "13:22:11 PST"]
[Termination "tteshan won by resignation"]

1. c4 Nf6 2. Nc3 e6 3. d4 d5 4.
Nf3 dxc4 5. g3 Be7 6. Bg2 O-O 7. O-O c6 8. Ne5 Nbd7 9. Nxc4 Nb6 10. Ne5 Nbd5 11.
e3 Nxc3 12. bxc3 Qc7 13. Rb1 Bd7 14. Qb3 b6 15. a4 Rac8 16. a5 Rb8 17. axb6 axb6 18.
Ba3 Bxa3 19. Qxa3 Rfc8 20. Qe7 Be8 21. Qxc7 Rxc7 22. Ra1 Rbc8 23. Rfb1 b5 24. c4 bxc4 25. Nxc4 c5 26. Nd6 Rd8 27. Nb7 Rxb7 28. Rxb7 cxd4 29. exd4 Rxd4 30. Ra8 Rd1+ 31. Bf1 g6 32. Rbb8 Kf8 33. Kg2 Ke7 34. Bb5 Bxb5 35. Rxb5 Rd7 36. h3 h5 37.
Rba5 Nd5 38. Kf3 Rb7 39. R8a7 Rxa7 40. Rxa7+ Kf6 41. Ke4 Nc3+ 42. Kd4 Nb5+ 0-1

[Event "*** Titled Tuesday Blitz"]
[Site "Chess.com"]
[Date "2020.02.04"]
[Round "2"]
[White "kleinebeer98"]
[Black "Perecke"]
[Result "1-0"]
[WhiteElo "2683"]
[BlackElo "2277"]
[TimeControl "180+2"]
[EndTime "13:22:17 PST"]
[Termination "kleinebeer98 won by resignation"]

1. e4 e5 2. Nf3 Nc6 3. d4 exd4 4. c3 dxc3 5. Nxc3 d6 6. Bc4 Be7 7. O-O Nf6 8. Ng5 O-O 9. f4 Bg4 10. Qe1 h6 11. Nf3 Re8 12. Qg3 Bf8 13. Bd2 Qd7 14.
Rae1 Re7 15. e5 Bxf3 16. exf6 Rxe1 17. Rxe1 Bh5 18. fxg7 Bxg7 19. Nd5 Kh8 20. Bc3 Bxc3 21. Qxc3+ 1-0

[Event "*** Titled Tuesday Blitz"]
[Site "Chess.com"]
[Date "2020.02.04"]
[Round "2"]
[White "kasparicy"]
[Black "Winehouse83"]
[Result "1-0"]
[WhiteElo "2265"]
[BlackElo "2471"]
[TimeControl "180+2"]
[EndTime "13:22:17 PST"]
[Termination "kasparicy won by resignation"]

1. e4 c6 2. d4 d5 3. f3 e6 4. Be3 dxe4 5. fxe4 Nf6 6. Nc3 Bb4 7. Bd3 Qa5 8. Qd2 Ng4 9. Nge2 e5 10. a3 Nxe3 11.
Qxe3 O-O 12. O-O exd4 13. Nxd4 Bxc3 14. bxc3 Nd7 15. Bc4 Ne5 16. Ba2 Bd7 17. Kh1 Rae8 18. Nf5 Kh8 19. Nxg7 Ng4 20. Qd4 Qe5 21. Nxe8 Rxe8 22.
Rxf7 c5 23. Qxe5+ Nxe5 24. Rf4 Bc6 25. Bd5 Ng6 26. Rf7 Ne5 27. Bxc6 bxc6 28. Rxa7 Ng4 29. Rb1 Nf2+ 30. Kg1 Nxe4 31. Rbb7 Ng5 32. h4 Ne6 33. Rxh7+ Kg8 34. Rhe7 1-0

[Event "*** Titled Tuesday Blitz"]
[Site "Chess.com"]
[Date "2020.02.04"]
[Round "2"]
[White "ChessPlayer202202"]
[Black "dragos420"]
[Result "0-1"]
[WhiteElo "2246"]
[BlackElo "2485"]
[TimeControl "180+2"]
[EndTime "13:22:17 PST"]
[Termination "dragos420 won by resignation"]

1. e4 e5 2. Nf3 Nc6 3. Bc4 Nf6 4. d3 h6 5. O-O d6 6. a4 g5 7. d4 g4 8. dxe5 gxf3 9. exf6 Ne5 10. Bb5+ c6 11.
Bf4 cxb5 12. Bxe5 dxe5 13. Qxf3 Be6 14. Nc3 b4 15. Rad1 Qa5 16. Nd5 O-O-O 17. c3 Kb8 18. c4 Bc5 19. b3 Bd4 20. Qg3 Rhg8 21. Qh4 Bxd5 22. exd5 Rg6 23. Rde1 Rdg8 24. g3 Qb6 25. Re4 Qxf6 26. Qh5 Rg5 27. Qh4 Qg6 28. Kg2 Rh5 29.
Qe7 Qxe4+ 0-1

[Event "*** Titled Tuesday Blitz"]
[Site "Chess.com"]
[Date "2020.02.04"]
[Round "2"]
[White "HouseOfDurin"]
[Black "allvim"]
[Result "0-1"]
[WhiteElo "2086"]
[BlackElo "2430"]
[TimeControl "180+2"]
[EndTime "13:22:18 PST"]
[Termination "allvim won by resignation"]

1. d4 Nf6 2. Bg5 e5 3. dxe5 h6 4. Bxf6 gxf6 5. exf6 Qxf6 6. c3 Bc5 7. Nf3 d6 8. g3 Nc6 9. Bg2 Bd7 10. Nbd2 Bb6 11.
O-O a6 12. Nb3 h5 13. h4 O-O-O 14. Nbd4 Rhg8 15. Qd3 Rg4 16. e4 Ne5 17. Nxe5 dxe5 18. Qf3 Qxf3 19. Nxf3 f6 20. Rfe1 Rxg3 21. Kf1 Rg7 22.
b3 Rdg8 23. Bh1 Ba5 24. Red1 Bxc3 25. Rac1 Bb5+ 0-1

[Event "*** Titled Tuesday Blitz"]
[Site "Chess.com"]
[Date "2020.02.04"]
[Round "2"]
[White "mohssenbinaddi"]
[Black "Andro2"]
[Result "0-1"]
[WhiteElo "2042"]
[BlackElo "2426"]
[TimeControl "180+2"]
[EndTime "13:22:19 PST"]
[Termination "Andro2 won by resignation"]

1. d4 Nf6 2. Nf3 g6 3. g3 Bg7 4. Bg2 O-O 5. O-O d6 6. c4 Ne4 7. Nbd2 Bf5 8. Nh4 Nxd2 9. Qxd2 Bc8 10. b3 Nc6 11. Bb2 e5 12. dxe5 dxe5 13. Qxd8 Rxd8 14. Bxc6 bxc6 15. Rad1 Bh3 16. Ng2 a5 17. Rfe1 a4 18.
Ne3 axb3 19. axb3 Be6 20. Bc3 Rdb8 21. Ra1 h5 22. b4 f6 23. c5 Kf7 24. f4 exf4 25.
gxf4 Bh6 26. Ng2 Bd5 27. e3 Re8 28. Nh4 Rxa1 29. Bxa1 Bxf4 30. Kf2 Bxh2 0-1

[Event "*** Titled Tuesday Blitz"]
[Site "Chess.com"]
[Date "2020.02.04"]
[Round "2"]
[White "LADIESGET2KNOWME"]
[Black "davigator"]
[Result "1-0"]
[WhiteElo "2498"]
[BlackElo "2256"]
[TimeControl "180+2"]
[EndTime "13:22:21 PST"]
[Termination "LADIESGET2KNOWME won by checkmate"]

1. e4 c5 2. c3 Nf6 3. e5 Nd5 4. d4 cxd4 5. Nf3 Nc6 6. Bc4 e6 7. Bb3 Nb6 8. O-O d5 9. cxd4 Be7 10. Bc2 Bd7 11. Nc3 a6 12. Re1 Rc8 13. Qd2 Nb4 14.
Bb1 Nc4 15. Qf4 b5 16. a3 Nc6 17. Ne2 N6a5 18. Ba2 O-O 19. h4 f6 20. exf6 Bxf6 21. b3 Nb6 22. Bd2 Nc6 23. Qg3 Ne7 24. Bb1 Nf5 25.
Bxf5 exf5 26. Nf4 Rc2 27. Ba5 Qb8 28. Ne5 Bc8 29. Qd3 Rc7 30. Bxb6 Qxb6 31. Nxd5 Qb7 32. Nxc7 Qxc7 33. Rac1 Qd8 34. a4 bxa4 35. Qc4+ Kh8 36. Nf7+ Rxf7 37. Qxf7 Bd7 38. Rc7 Bb5 39. bxa4 Bxa4 40.
Rec1 Be8 41. Qf8# 1-0

[Event "*** Titled Tuesday Blitz"]
[Site "Chess.com"]
[Date "2020.02.04"]
[Round "2"]
[White "Saitama_Hero"]
[Black "MateSchmate"]
[Result "0-1"]
[WhiteElo "2265"]
[BlackElo "2499"]
[TimeControl "180+2"]
[EndTime "13:22:23 PST"]
[Termination "MateSchmate won by resignation"]

1. Nf3 Nf6 2. c4 c5 3. g3 b6 4.
Bg2 Bb7 5. O-O e6 6. d3 Be7 7. e4 d6 8. Nc3 O-O 9. h3 a6 10. Re1 Nbd7 11. Be3 Qc7 12. Rc1 Rad8 13. Qc2 h6 14. b3 Rfe8 15. d4 cxd4 16. Nxd4 Nc5 17. Bd2 Bf8 18. Rcd1 Qb8 19. Bc1 Qa8 20. f3 h5 21. h4 g6 22. Bg5 Bg7 23. Nde2 Qb8 24.
Nf4 Rc8 25. Bh3 Nh7 26. Qd2 Nxg5 27. hxg5 b5 28. cxb5 Nxb3 29. axb3 Bxc3 30. Qxd6 Qxd6 31. Rxd6 Bxe1 32. bxa6 Bxg3 33. axb7 Rc1+ 34. Kg2 Bxf4 35. Rd7 Rc7 36. Bxe6 fxe6 0-1

[Event "*** Titled Tuesday Blitz"]
[Site "Chess.com"]
[Date "2020.02.04"]
[Round "2"]
[White "Schachmalanders"]
[Black "chessasuke"]
[Result "0-1"]
[WhiteElo "2258"]
[BlackElo "2672"]
[TimeControl "180+2"]
[EndTime "13:22:33 PST"]
[Termination "chessasuke won by resignation"]

1. e4 e6 2. d4 d5 3. exd5 exd5 4. Nf3 Nc6 5. c3 Bf5 6. Bd3 Bxd3 7. Qxd3 Bd6 8. O-O Nge7 9. Bg5 f6 10. Bh4 Qd7 11. Bg3 Bxg3 12. hxg3 O-O-O 13. b4 Qf5 14. Qxf5+ Nxf5 15. Nbd2 Nd6 16. Rfe1 Rhe8 17. Rxe8 Rxe8 18.
Re1 Rxe1+ 19. Nxe1 a5 20. a3 Nb5 21. Nb1 a4 22. Kf1 Nb8 23. Ke2 Nd7 24. Kd3 Nb6 25. Nc2 Nc4 26. Ne3 Nxe3 27. Kxe3 c6 28. Kd3 Kd7 29. g4 Ke6 30. Ke3 h6 31. f4 f5 32.
Kf3 Kf6 33. gxf5 h5 34. g4 hxg4+ 35. Kxg4 Nd6 36. Nd2 Ne4 37. Nxe4+ dxe4 38. c4 b6 39. d5 cxd5 40. cxd5 Ke7 41. Kg3 Kd6 42. Kf2 Kxd5 43.
Ke3 b5 44. Ke2 Kd4 45. Kd2 e3+ 46. Ke2 Ke4 47. f6 gxf6 48. f5 Kf4 0-1

[Event "*** Titled Tuesday Blitz"]
[Site "Chess.com"]
[Date "2020.02.04"]
[Round "2"]
[White "Marks1420"]
[Black "SCIM"]
[Result "0-1"]
[WhiteElo "2136"]
[BlackElo "2445"]
[TimeControl "180+2"]
[EndTime "13:22:35 PST"]
[Termination "SCIM won by checkmate"]

1. e4 c5 2. b3 e5 3. Bb2 Nc6 4. Nc3 g6 5. Bc4 Bg7 6. a4 d6 7. Nd5 Nge7 8. d3 O-O 9. Ne2 Nxd5 10. Bxd5 Ne7 11. c4 Nxd5 12. cxd5 f5 13. O-O Bd7 14. Nc3 Qg5 15. Qc1 Qh4 16. Qe1 Rf7 17. Nd1 Raf8 18. Ne3 f4 19. Nc4 f3 20. Ne3 Bh6 21.
Bc1 Bxe3 22. fxe3 Qxe1 23. Rxe1 f2+ 24. Kh1 fxe1=R# 0-1

[Event "*** Titled Tuesday Blitz"]
[Site "Chess.com"]
[Date "2020.02.04"]
[Round "2"]
[White "Justmig"]
[Black "SHIVACalypso"]
[Result "1-0"]
[WhiteElo "2657"]
[BlackElo "2222"]
[TimeControl "180+2"]
[EndTime "13:22:36 PST"]
[Termination "Justmig won by resignation"]

1. d4 e6 2. Nf3 Nf6 3. Bf4 d5 4. e3 c5 5. Be2 Nc6 6. O-O Bd6 7. dxc5 Bxc5 8. c4 O-O 9. Nc3 d4 10. Na4 b6 11. b4 Bxb4 12. exd4 Bb7 13. Rb1 Be7 14.
h3 Qd7 15. Nc3 Rfd8 16. Be3 Rac8 17. Qc2 Na5 18. Ne5 Qc7 19. Nb5 Qb8 20. Bf4 Be4 21.
Bd3 Bxd3 22. Qxd3 Nxc4 23. Ng6 Qb7 24. Nxe7+ Qxe7 25. Bc7 Rxc7 26. Nxc7 Qxc7 27. Rfc1 Rc8 28. Rb4 b5 29. Rxb5 Nd5 30. Rxc4 Qd7 31. Rxc8+ Qxc8 32. Qb1 Nb6 33. Rc5 Qd7 34. a4 Qxa4 35. Qxb6 1-0

[Event "*** Titled Tuesday Blitz"]
[Site "Chess.com"]
[Date "2020.02.04"]
[Round "2"]
[White "Korona_91"]
[Black "12teen"]
[Result "0-1"]
[WhiteElo "2421"]
[BlackElo "2714"]
[TimeControl "180+2"]
[EndTime "13:22:39 PST"]
[Termination "12teen won by resignation"]

1. e4 e6 2. Qe2 a6 3. g3 b5 4. Bg2 Bb7 5. f4 Nf6 6. d3 d5 7. e5 Nfd7 8. Nf3 c5 9. O-O g6 10. a4 b4 11. Nbd2 Nc6 12. c3 a5 13. Re1 Qb6 14.
c4 Ne7 15. cxd5 exd5 16. Ng5 Ba6 17. e6 fxe6 18. Nxe6 c4+ 19. d4 c3 20. Ng7+ Kf7 21. Qg4 cxd2 22. Bxd5+ Kxg7 23. Bxd2 Nf6 24. Qh4 Qxd4+ 25.
Be3 Qxd5 26. Rad1 Qf7 27. Rd6 Nf5 0-1

[Event "*** Titled Tuesday Blitz"]
[Site "Chess.com"]
[Date "2020.02.04"]
[Round "2"]
[White "DiamondCrusher22"]
[Black "Aygehovit1992"]
[Result "0-1"]
[WhiteElo "2006"]
[BlackElo "2645"]
[TimeControl "180+2"]
[EndTime "13:22:41 PST"]
[Termination "Aygehovit1992 won by resignation"]

1. e4 c5 2. Nf3 d6 3. c3 Nf6 4. Be2 g6 5. O-O Bg7 6. Re1 O-O 7. d3 e5 8. Nbd2 Nc6 9. Nf1 d5 10. Ng3 h6 11. Bf1 Be6 12. Be3 d4 13. Bd2 Nd7 14. cxd4 cxd4 15. b4 b5 16. a4 bxa4 17. Qxa4 Qb6 18. b5 Nc5 19. Qa3 Qxb5 20. Rab1 Nb3 21. Rec1 Rfc8 22. Be2 a5 23. Bd1 a4 24. Nf1 Bf8 25. Qa2 Nb4 26. Bxb4 Nxc1 27. Bxf8 Nxa2 28.
Rxb5 Kxf8 29. Nxe5 Nc3 30. Rb7 0-1

[Event "*** Titled Tuesday Blitz"]
[Site "Chess.com"]
[Date "2020.02.04"]
[Round "2"]
[White "FedaMaster"]
[Black "peixe64"]
[Result "1-0"]
[WhiteElo "2600"]
[BlackElo "2346"]
[TimeControl "180+2"]
[EndTime "13:22:41 PST"]
[Termination "FedaMaster won by resignation"]

1. e4 c5 2. d4 cxd4 3. c3 dxc3 4. Nxc3 e6 5. Nf3 Nc6 6. Bc4 Bb4 7. Qc2 Nge7 8. O-O O-O 9. Rd1 Qc7 10. Nb5 Qb8 11. a3 Ba5 12. b4 Bb6 13. Nd6 Bc7 14.
Bf4 e5 15. Nxf7 Rxf7 16. Ng5 d5 17. exd5 Nd4 18. Qxh7+ Kf8 19. Rxd4 exd4 20. d6 Bxd6 21. Bxf7 Bxf4 22. Qh8+ Ng8 23. Re1 Be3 24. Qxg8+ Ke7 25. Qe8+ Kd6 26. Ne4+ Kc7 27. fxe3 Bd7 28. Qe5+ 1-0

[Event "*** Titled Tuesday Blitz"]
[Site "Chess.com"]
[Date "2020.02.04"]
[Round "2"]
[White "Micki-taryan"]
[Black "volcanoexplorer"]
[Result "1-0"]
[WhiteElo "3008"]
[BlackElo "2623"]
[TimeControl "180+2"]
[EndTime "13:22:42 PST"]
[Termination "Micki-taryan won on time"]

1. d4 Nf6 2. Nf3 e6 3. c4 b6 4.
g3 Ba6 5. Qa4 Bb7 6. Bg2 Be7 7.
O-O O-O 8. Rd1 d6 9. Nc3 Ne4 10. Qc2 Nxc3 11. Qxc3 Nd7 12. d5 e5 13. Qc2 f5 14. Rb1 a5 15. b3 Nc5 16. a3 Qe8 17.
b4 axb4 18. axb4 Ne4 19. Ne1 Qg6 20. Be3 Nf6 21. c5 Ng4 22. Bc1 Ba6 23. b5 Bc8 24. cxb6 cxb6 25. Nf3 Qe8 26. h3 Nf6 27. Ng5 Bd7 28.
Ne6 Rc8 29. Qxf5 Nxd5 30. Qg4 Bg5 31. Bxd5 h5 32. Nxg5+ 1-0

[Event "*** Titled Tuesday Blitz"]
[Site "Chess.com"]
[Date "2020.02.04"]
[Round "2"]
[White "Indianlad"]
[Black "Volodar_Murzin"]
[Result "1-0"]
[WhiteElo "2932"]
[BlackElo "2611"]
[TimeControl "180+2"]
[EndTime "13:22:53 PST"]
[Termination "Indianlad won by resignation"]

1. e4 c6 2. d4 d5 3. e5 Bf5 4. h4 h5 5. Bd3 Bxd3 6. Qxd3 Qa5+ 7. Nd2 e6 8. Nf3 Nh6 9. O-O Nf5 10. a4 Be7 11. Nb3 Qa6 12. Qd1 Nd7 13. g3 O-O-O 14. Re1 Kb8 15. a5 c5 16. dxc5 Nxc5 17. Nbd4 Ne4 18.
Nxf5 exf5 19. Nd4 g6 20. Kg2 Ka8 21. c3 Rhe8 22. f3 Nc5 23. b4 Qc4 24. bxc5 Qxc3 25.
Be3 Rc8 26. a6 b6 27. cxb6 axb6 28. Ra2 Bc5 29. Rc2 Qb4 30. f4 Bxd4 31. Rxc8+ Rxc8 32. Qxd4 Rc2+ 33. Kf3 Qe7 34. Qxd5+ Ka7 35. Bxb6+ Kxb6 36. Rb1+ Kxa6 37. Qb5+ 1-0

[Event "*** Titled Tuesday Blitz"]
[Site "Chess.com"]
[Date "2020.02.04"]
[Round "2"]
[White "Miguelito"]
[Black "Kira170"]
[Result "0-1"]
[WhiteElo "2688"]
[BlackElo "2523"]
[TimeControl "180+2"]
[EndTime "13:22:56 PST"]
[Termination "Kira170 won by resignation"]

1. e4 e6 2. d4 d5 3. Nc3 Nf6 4. e5 Nfd7 5. f4 c5 6. Nf3 Nc6 7. Be3 Qb6 8. Na4 Qa5+ 9. c3 b6 10. Bd2 c4 11. b4 Nxb4 12. cxb4 Bxb4 13. Qc2 Bxd2+ 14. Nxd2 b5 15. Nc3 b4 16. Nce4 dxe4 17.
Nxc4 b3+ 18. Nxa5 bxc2 19. Rc1 O-O 20. Rxc2 Nb6 21. Bb5 Nd5 22. Ke2 Rb8 23. a4 a6 24.
Bc4 Bd7 25. Ra1 Rb4 26. g3 Bxa4 27. Rd2 Rxc4 28. Nxc4 Bb5 29. Rc2 Rc8 30. Rac1 Nb4 0-1

[Event "*** Titled Tuesday Blitz"]
[Site "Chess.com"]
[Date "2020.02.04"]
[Round "2"]
[White "MatthewG-p4p"]
[Black "matiss90"]
[Result "1-0"]
[WhiteElo "2817"]
[BlackElo "2548"]
[TimeControl "180+2"]
[EndTime "13:23:03 PST"]
[Termination "MatthewG-p4p won by resignation"]

1. f4 d5 2. Nf3 Bg4 3. Ne5 Bh5 4. c4 e6 5. Qb3 Nc6 6. e3 Nxe5 7. fxe5 Ne7 8. Qxb7 Rb8 9. Qa6 Nf5 10. Qa4+ Qd7 11. Qxd7+ Kxd7 12. cxd5 exd5 13. Nc3 c6 14. Bd3 Bg6 15.
O-O Nh6 16. Be2 Be7 17. d4 Rhe8 18. a3 f6 19. exf6 Bxf6 20. Na4 Kd8 21. Bd1 Nf5 22. Rf3 Nd6 23. Nc5 Bh5 24. Rf1 Bxd1 25. Rxd1 Nc4 26. Rd3 Nxe3 27. Bxe3 Rxe3 28. Rxe3 Bxd4 29. Ne6+ 1-0

[Event "*** Titled Tuesday Blitz"]
[Site "Chess.com"]
[Date "2020.02.04"]
[Round "2"]
[White "Witik"]
[Black "DortmundCity"]
[Result "1-0"]
[WhiteElo "2623"]
[BlackElo "2366"]
[TimeControl "180+2"]
[EndTime "13:23:03 PST"]
[Termination "Witik won by resignation"]

1. e4 c5 2. Nf3 d6 3. d4 cxd4 4. Nxd4 Nf6 5. Nc3 Nc6 6. Be2 Qb6 7. Nb3 g6 8. Be3 Qc7 9. g4 Bg7 10. g5 Nd7 11. h4 a6 12. h5 e6 13. Qd2 Nce5 14.
O-O-O Nc4 15. Bxc4 Qxc4 16. Qxd6 Be5 17. Qa3 b5 18. Bd4 Bf4+ 19. Kb1 e5 20. Nd5 Bxg5 21.
hxg6 fxg6 22. Bxe5 Nxe5 23. Qd6 Nf7 24. Nc7+ Qxc7 25.
Qxc7 Be7 26. Qc6+ 1-0

[Event "*** Titled Tuesday Blitz"]
[Site "Chess.com"]
[Date "2020.02.04"]
[Round "2"]
[White "catalin009"]
[Black "ZenBull"]
[Result "1-0"]
[WhiteElo "2442"]
[BlackElo "2117"]
[TimeControl "180+2"]
[EndTime "13:23:03 PST"]
[Termination "catalin009 won on time"]

1. Nf3 Nf6 2. g3 d5 3. Bg2 Bf5 4. O-O e6 5. d3 h6 6. c4 c6 7.
Nc3 Be7 8. cxd5 exd5 9. Nd4 Bg6 10. e4 dxe4 11. dxe4 O-O 12. e5 Nfd7 13. f4 Bc5 14. Be3 Nb6 15. b3 Na6 16. f5 Bh7 17. Ne4 Bxd4 18. Bxd4 Qc7 19. Qg4 Rad8 20. Bb2 Kh8 21. f6 g6 22. Qh4 h5 23. Qg5 Rg8 24. Qh6 1-0

[Event "*** Titled Tuesday Blitz"]
[Site "Chess.com"]
[Date "2020.02.04"]
[Round "2"]
[White "kinga2008"]
[Black "StoreySniper"]
[Result "1-0"]
[WhiteElo "1985"]
[BlackElo "2398"]
[TimeControl "180+2"]
[EndTime "13:23:05 PST"]
[Termination "kinga2008 won by checkmate"]

1. e4 g6 2. d4 Bg7 3. Nf3 d6 4.
Nc3 a6 5. Bc4 e6 6. O-O Ne7 7.
Be3 b5 8. Bd3 Bb7 9. Qd2 h6 10.
a3 Nd7 11. Rae1 Nb6 12. h3 Qd7 13. Nh2 Nc4 14. Bxc4 bxc4 15. f4 O-O-O 16. Qe2 d5 17. exd5 exd5 18. Ng4 f6 19. b3 cxb3 20. cxb3 Nf5 21.
Na4 Qb5 22. Qc2 h5 23. Nf2 Rhe8 24. Rc1 c6 25. Bd2 Nxd4 26. Qxg6 Ne2+ 27. Kh2 Nxc1 28. Rxc1 Bf8 29. Nc3 Qe2 30. Nxe2 Rxe2 31. Ba5 Rxf2 32. Bxd8 Kxd8 33. Qxf6+ Kd7 34. Qxf8 d4 35. Re1 c5 36. Re7+ Kc6 37. Qf6+ Kb5 38. Rxb7+ Ka5 39. Qb6# 1-0

[Event "*** Titled Tuesday Blitz"]
[Site "Chess.com"]
[Date "2020.02.04"]
[Round "2"]
[White "gemarin"]
[Black "mortngabriel"]
[Result "0-1"]
[WhiteElo "2082"]
[BlackElo "2427"]
[TimeControl "180+2"]
[EndTime "13:23:06 PST"]
[Termination "mortngabriel won by checkmate"]

1. d4 Nf6 2. c4 e6 3. Nf3 b6 4. g3 Ba6 5. b3 Bb7 6. Bg2 c5 7. dxc5 bxc5 8. O-O Be7 9. Bb2 O-O 10.
Qc2 Nc6 11. Ng5 Nb4 12. Qc1 Bxg2 13. Kxg2 h6 14. Nf3 Qb6 15. Nc3 Rfd8 16. Na4 Qb7 17. Rd1 Rac8 18. Qc3 d5 19. cxd5 exd5 20. a3 d4 21. Qc4 Nbd5 22. Rac1 Ng4 23. Kg1 Re8 24. h3 Ngf6 25. Ne5 Bd6 26. Nd3 Ne4 27. b4 Nxf2 28.
Nxf2 Ne3 29. Qd3 Qg2# 0-1

[Event "*** Titled Tuesday Blitz"]
[Site "Chess.com"]
[Date "2020.02.04"]
[Round "2"]
[White "ural58"]
[Black "lilleper1"]
[Result "0-1"]
[WhiteElo "2335"]
[BlackElo "2689"]
[TimeControl "180+2"]
[EndTime "13:23:18 PST"]
[Termination "lilleper1 won by resignation"]

1. e4 c5 2. b3 Nc6 3. Bb2 d6 4. f4 Nf6 5. Qf3 e6 6. Nc3 Nd4 7. Qd3 a6 8. Nf3 Nc6 9. O-O-O Be7 10. Qe3 b5 11. g4 Bb7 12. g5 Nd7 13. h4 Qc7 14. h5 O-O-O 15. Bh3 Rhe8 16. g6 hxg6 17. hxg6 f5 18. exf5 Nd4 19. Nxd4 cxd4 20. Qxd4 e5 21. Qf2 Bxh1 22. Rxh1 Nf6 23. Re1 exf4 24. Qxf4 d5 25.
Qf3 Bd6 26. Re6 Rxe6 27. fxe6 Be7 28. Ne2 Qh2 29. Bd4 Rh8 30. Bxf6 Rxh3 31. Qxd5 Qh1+ 32. Qxh1 Rxh1+ 33. Kb2 Bxf6+ 34. c3 Rh2 0-1

[Event "*** Titled Tuesday Blitz"]
[Site "Chess.com"]
[Date "2020.02.04"]
[Round "2"]
[White "chessdjw"]
[Black "AnnaChessLook"]
[Result "1-0"]
[WhiteElo "2591"]
[BlackElo "2256"]
[TimeControl "180+2"]
[EndTime "13:23:20 PST"]
[Termination "chessdjw won by checkmate"]

1. c4 Nf6 2. Nc3 c5 3. Nf3 Nc6 4. e3 g6 5. d4 cxd4 6. exd4 d5 7. cxd5 Nxd5 8. Qb3 Nxc3 9. Bc4 e6 10. bxc3 Bg7 11.
Ba3 Ne7 12. Ne5 O-O 13. O-O b6 14. Rae1 Qc7 15. Re3 a5 16. Rfe1 a4 17. Qb4 Nd5 18. Bxd5 exd5 19. Qb5 Ba6 20. Qxd5 Rfd8 21. Qc6 Bxe5 22.
Qxc7 Bxc7 23. h4 h5 24. Re7 Bd6 25. Bxd6 Rxd6 26. R1e3 Kg7 27. f3 Bc4 28. a3 Rc8 29. Kf2 Bd5 30. Kg3 Rc4 31. Ra7 b5 32. Kf4 Rdc6 33. Re5 Be6 34. Rxb5 Rxc3 35. d5 R6c4+ 36. Kg3 Bf5 37. Rbb7 Rxa3 38. Rxf7+ Kg8 39. Rg7+ Kf8 40.
Rh7 Kg8 41. Rag7+ Kf8 42. Ra7 Rc8 43. Rh8# 1-0

[Event "*** Titled Tuesday Blitz"]
[Site "Chess.com"]
[Date "2020.02.04"]
[Round "2"]
[White "Vuk2000"]
[Black "r31415"]
[Result "1-0"]
[WhiteElo "2679"]
[BlackElo "2377"]
[TimeControl "180+2"]
[EndTime "13:23:21 PST"]
[Termination "Vuk2000 won by resignation"]

1. d4 d6 2. Bg5 g6 3. e4 c6 4.
Nf3 Nf6 5. Bxf6 exf6 6. Bd3 Bg4 7. Nbd2 Bh6 8. c3 O-O 9. Qb3 Bc8 10. h4 Nd7 11. h5 Bg7 12. hxg6 hxg6 13. O-O-O Qb6 14. Qc2 Re8 15. Bc4 Nf8 16. Bb3 a5 17. Nc4 Qc7 18. Ne3 b5 19. a3 Ne6 20. d5 Nc5 21. dxc6 Nxb3+ 22. Qxb3 Qxc6 23. Nd5 Rxe4 24. Nd4 Qc5 25. Qxb5 Be6 26. Nxe6 fxe6 27. Ne7+ Kf8 28. Nxg6+ Kf7 29. Qb7+ Kxg6 30. Qxe4+ 1-0

[Event "*** Titled Tuesday Blitz"]
[Site "Chess.com"]
[Date "2020.02.04"]
[Round "2"]
[White "VALPARAISO37"]
[Black "2nd_life"]
[Result "0-1"]
[WhiteElo "2241"]
[BlackElo "2484"]
[TimeControl "180+2"]
[EndTime "13:23:21 PST"]
[Termination "2nd_life won by checkmate"]

1. d4 Nf6 2. c4 g6 3. Nc3 Bg7 4. e4 O-O 5. f3 d6 6. Be3 c5 7.
Nge2 Nc6 8. d5 Ne5 9. Ng3 e6 10. Be2 exd5 11. cxd5 a6 12. a4 h5 13. Bg5 Qb6 14.
Qc2 Nh7 15. a5 Qc7 16. Be3 h4 17. Nf1 h3 18. g3 f5 19. Nd2 fxe4 20. Ncxe4 Bf5 21.
O-O Nf6 22. Nxf6+ Rxf6 23. Ne4 Rf7 24. f4 Ng4 25. Bxg4 Bxg4 26. Ng5 Bf5 27. Qd2 Re7 28. Bf2 Rae8 29. Rfe1 b5 30. axb6 Qxb6 31. Rxe7 Rxe7 32. Ne6 Bxe6 33. dxe6 Qc6 34. Be1 Rxe6 35. Rxa6 Qxa6 36. Qd5 Qe2 37. Bf2 Bd4 38. Qa8+ Kh7 39. Qb7+ Kh6 40.
Qg2 Qxf2+ 41. Qxf2 Re1# 0-1

[Event "*** Titled Tuesday Blitz"]
[Site "Chess.com"]
[Date "2020.02.04"]
[Round "2"]
[White "Slovak_fighter2000"]
[Black "PawnEatingZombie"]
[Result "1-0"]
[WhiteElo "2517"]
[BlackElo "2300"]
[TimeControl "180+2"]
[EndTime "13:23:25 PST"]
[Termination "Slovak_fighter2000 won by checkmate"]

1. d4 d5 2. Nf3 e6 3. Bf4 Bd6 4. Bg3 c5 5. e3 Nf6 6. c3 Qc7 7. Nbd2 Nbd7 8. Bd3 b6 9. e4 Bxg3 10. hxg3 dxe4 11. Nxe4 Bb7 12. Qe2 h6 13. Rd1 O-O 14. Qe3 Nxe4 15. Bxe4 Bxe4 16. Qxe4 Nf6 17. Qe3 cxd4 18.
Rxd4 Rfd8 19. Rf4 Nd5 20. Qe4 Nxf4 21. gxf4 Qd6 22. Nd4 Qd5 23. Qxd5 Rxd5 24. O-O a6 25.
g3 Kf8 26. Kg2 Rc8 27. Re1 b5 28. a3 a5 29. Re2 b4 30. axb4 axb4 31. Re3 g6 32. Kf3 h5 33. Ke2 bxc3 34. bxc3 Kg7 35. Nf3 Rdc5 36. Kd2 Ra8 37. Nd4 Ra2+ 38. Ke1 Rc8 39. Ne2 Rb8 40. Kf1 Rbb2 41. Re4 Kf6 42. Re3 Kf5 43. Re5+ Kg4 44. Kg2 Rxe2 45. Rg5# 1-0

[Event "*** Titled Tuesday Blitz"]
[Site "Chess.com"]
[Date "2020.02.04"]
[Round "2"]
[White "Fortitudine"]
[Black "hypert"]
[Result "0-1"]
[WhiteElo "2221"]
[BlackElo "2473"]
[TimeControl "180+2"]
[EndTime "13:23:26 PST"]
[Termination "hypert won by resignation"]

1. d4 Nf6 2. Nc3 d5 3. Bg5 Nbd7 4. Nf3 h6 5. Bh4 e6 6. Bxf6 Nxf6 7. e3 Bb4 8. Nd2 c5 9. a3 cxd4 10. Bb5+ Bd7 11.
Bxd7+ Qxd7 12. axb4 dxc3 13. bxc3 O-O 14. O-O Rfc8 15.
Ra3 a6 16. Qe2 Rab8 17. h3 Rc7 18. Rb1 Rbc8 19. b5 axb5 20. Qxb5 Qxb5 21. Rxb5 Rxc3 22. Rxc3 Rxc3 23. Rb2 g5 24. Kf1 Kg7 25. Ke2 Kg6 26. f3 Ne8 27. e4 Nf6 28. Rxb7 dxe4 29. fxe4 Rxc2 30. Kd3 Rc5 31. Nf3 Ra5 32. Ke3 Ra3+ 33. Ke2 Nxe4 34. Ne5+ Kf5 35. Nxf7 Kf4 36. Nxh6 Ra2+ 37.
Kd3 Nc5+ 0-1

[Event "*** Titled Tuesday Blitz"]
[Site "Chess.com"]
[Date "2020.02.04"]
[Round "2"]
[White "SoltaniciR"]
[Black "Pultis"]
[Result "0-1"]
[WhiteElo "2491"]
[BlackElo "2730"]
[TimeControl "180+2"]
[EndTime "13:23:29 PST"]
[Termination "Pultis won by resignation"]

1. e4 e5 2. Nf3 Nc6 3. Bb5 a6 4.
Ba4 Nf6 5. O-O Nxe4 6. d4 Be7 7. Qe2 b5 8. Bb3 d5 9. dxe5 Nc5 10. Rd1 Nxb3 11.
axb3 Bg4 12. h3 Bh5 13. Nc3 Nb4 14. g4 Bg6 15. Nd4 h5 16. Bf4 hxg4 17. hxg4 Bc5 18. Bg3 Bxd4 19. Rxd4 c5 20. Rd2 d4 21. Ne4 Qd5 22. Re1 Nxc2 23. Rxc2 d3 24. Nf6+ gxf6 25. exf6+ Kf8 26. Qe7+ Kg8 0-1